 Dungeon Crawl Stone Soup version 0.24-a0-530-g18ba70b503 (webtiles) character file.

Game seed: 11742812732151961722

933 Mithandil the Shield-Bearer (level 7, -1/61 HPs)
             Began as a Minotaur Fighter on Aug 9, 2019.
             Slain by a wight
             ... wielding a +5 trident
              (3 damage)
             ... on level 5 of the Dungeon.
             The game lasted 00:19:12 (3137 turns).

Mithandil the Shield-Bearer (Minotaur Fighter)      Turns: 3137, Time: 00:19:13

Health: -1/61      AC: 12    Str: 23    XL:     7   Next: 86%
Magic:  7/7        EV:  5    Int:  5    God:
Gold:   132        SH: 10    Dex:  9    Spells: 8/8 levels left

rFire    . . .     SeeInvis .   a - +0 war axe
rCold    . . .     Gourm    .   c - +0 shield
rNeg     . . .     Faith    .   v - +1 plate armour
rPois    .         Spirit   .   (helmet restricted)
rElec    .         Reflect  .   (no cloak)
rCorr    .         Harm     .   (no gloves)
MR       .....                  (no boots)
Stlth    ..........             (no amulet)
HPRegen  0.20/turn              (no ring)
MPRegen  0.10/turn              (no ring)

@: drained
A: retaliatory headbutt, horns 2
a: no special abilities


You were on level 5 of the Dungeon.
You were not hungry.

You visited 1 branch of the dungeon, and saw 5 of its levels.

You collected 132 gold pieces.

Inventory:

Hand Weapons
 a - a +0 war axe (weapon)
 b - a +0 trident
 j - a +1 dagger of speed
 q - a +0 hunting sling
 x - a +0 shortbow
Missiles
 e - 33 arrows
 k - 103 stones (quivered)
 s - 6 boomerangs
 u - 16 sling bullets
Armour
 c - a +0 shield (worn)
 v - a +1 plate armour (worn)
Wands
 w - a wand of disintegration (18)
Scrolls
 d - a scroll of amnesia {unknown}
 i - a scroll of identify {unknown}
 l - 2 scrolls of remove curse {unknown}
 m - a scroll of blinking {unknown}
 o - 2 scrolls of enchant armour
 t - a scroll of fog {unknown}
Potions
 g - a potion of resistance {unknown}
 h - 2 potions of lignification {unknown}
 p - 2 potions of haste {unknown}
 r - a potion of cancellation {unknown}
Comestibles
 f - 6 rations
 n - 14 chunks of flesh


   Skills:
 + Level 5.0(4.4) Fighting
 * Level 4.0(4.7) Axes
 * Level 5.4 Polearms
 + Level 2.6(2.0) Slings
 + Level 4.9(4.2) Armour
 + Level 2.8(2.2) Dodging
 * Level 6.0(5.3) Shields
 - Level 1.0(0.4) Spellcasting


You had 8 spell levels left.
You didn't know any spells.
Your spell library was empty.

Dungeon Overview and Level Annotations

Branches:
Dungeon (5/15)
 Temple: D:4-7

Altars:
Ashenzari
Kikubaaqudgha
Nemelex Xobeh
Okawaru


Innate Abilities, Weirdness & Mutations

You reflexively headbutt those who attack you in melee.
You have a pair of horns on your head.


Message History

A wight comes into view. It is wielding a +5 trident.
The wight hits you with a +5 trident!
* * * LOW HITPOINT WARNING * * *
You feel drained.
* * * LOW HITPOINT WARNING * * *
You hit the wight but do no damage.
The wight hits you but does no damage. x2
Your shield and plate armour prevent you from hitting the wight.
You headbutt the wight, but do no damage.
You block the wight's attack.
The wight hits you from afar with a +3 trident.
* * * LOW HITPOINT WARNING * * *
You feel drained.
* * * LOW HITPOINT WARNING * * *
You hit the wight but do no damage. You block the wight's attack.
The wight hits you but does no damage.
You closely miss the wight. You headbutt the wight!
The wight is almost destroyed.
The wight hits you but does no damage. You block the wight's attack.
The wight hits you with a +5 trident.
You die...

#####.# #.<÷..#
### #.##### ..#
#.# #.# #.# #.#
#.# #÷# #.# #.#
#.# # #@# #.#
#.#z# #.#
#.z)######.#
#..........#
.....##########
....#. ....#.
... # .#


You could see 2 wights.

Vanquished Creatures
  Grinder (D:3)
  An ice beast (D:5)
  A centaur (D:5)
  Blork the orc (D:5)
  2 wights (D:5)
  A howler monkey (D:5)
  A crimson imp (D:5)
  3 orc priests (D:5)
  A hound (D:5)
  2 orc wizards (D:5)
  A worker ant (D:1)
  4 adders
  An adder zombie (D:5)
  An ooze (D:2)
  2 dart slugs (D:1)
  2 leopard geckos
  14 orcs
  7 bats
  3 giant cockroaches
  5 goblins
  12 hobgoblins
  11 jackals
  8 kobolds
  A ball python (D:2)
  5 frilled lizards
  7 rats
98 creatures vanquished.

Notes
Turn   | Place    | Note
-------+----------+-------------------------------------------
     0 | D:1      | Mithandil the Minotaur Fighter began the quest for the Orb.
     0 | D:1      | Reached XP level 1. HP: 19/19 MP: 0/0
   182 | D:1      | Reached XP level 2. HP: 27/27 MP: 1/1
   264 | D:1      | Reached skill level 4 in Shields
   499 | D:1      | Reached XP level 3. HP: 17/33 MP: 2/2
   802 | D:1      | Reached skill level 1 in Dodging
  1096 | D:2      | Reached XP level 4. HP: 38/40 MP: 3/3
  1562 | D:3      | Found a shattered altar of Ashenzari.
  1774 | D:2      | Reached skill level 1 in Axes
  2067 | D:3      | Found a sparkling altar of Nemelex Xobeh.
  2092 | D:3      | Found an iron altar of Okawaru.
  2097 | D:3      | Reached skill level 1 in Slings
  2106 | D:3      | Noticed Grinder
  2240 | D:3      | Paralysed by Grinder for 6 turns
  2256 | D:3      | Paralysed by Grinder for 7 turns
  2263 | D:3      | Killed Grinder
  2263 | D:3      | Reached skill level 1 in Spellcasting
  2263 | D:3      | Reached XP level 5. HP: 26/47 MP: 3/5
  2263 | D:3      | Reached XP level 6. HP: 30/53 MP: 3/6
  2431 | D:3      | Found an ancient bone altar of Kikubaaqudgha.
  2573 | D:3      | Reached skill level 5 in Shields
  2804 | D:5      | Entered Level 5 of the Dungeon
  2978 | D:5      | Reached XP level 7. HP: 60/60 MP: 7/7
  3080 | D:5      | Noticed Blork the orc
  3087 | D:5      | Reached skill level 5 in Polearms
  3092 | D:5      | Killed Blork the orc
  3109 | D:5      | Reached skill level 5 in Fighting
  3129 | D:5      | Reached skill level 6 in Shields
  3135 | D:5      | HP: 1/61 [wight/+3 trident (3)]
  3137 | D:5      | Slain by a wight

Levels and vault maps discovered:
D:1:      enne_arrival_octagon_isle, layout_basic, minmay_misc_feat_diagonals
D:2:      layout_basic, minmay_cupped
D:3:      layout_basic, evilmike_ruin_ashenzari, okawaru_metal_pillars_1_2,
          lemuel_doored_altar, lemuel_crystal_altar, uniq_grinder
D:4:      layout_loops_cross, first_ration, chequers_jeans, uniq_eustachio,
          uniq_menkaure
D:5:      layout_loops_ring, nicolae_ru_great_annihilating_truth,
          old_standard_altar, nicolae_ossuary_entry_false_entrances,
          uniq_blork_the_orc

Skill      XL: |  1  2  3  4  5  6  7 |
---------------+----------------------+-----
Shields        | 4 5 6 |  6.0
Polearms       | 3 4 5 |  5.4
Dodging        | 1 2 |  2.8
Fighting       | 4 5 |  5.0
Armour         | 4 |  4.9
Axes           | 2 3 4 |  4.0
Slings         | 1 2 |  2.6
Spellcasting   | 1 |  1.0

Action                   |  1- 3 |  4- 6 |  7- 9 || total
-------------------------+-------+-------+-------++-------
Melee: Trident           |    85 |    12 |       ||    97
       Headbutt          |    11 |    29 |     9 ||    49
       Hand axe          |    15 |    35 |       ||    50
       War axe           |       |   158 |    48 ||   206
  Use: Scroll            |       |     1 |       ||     1
       Potion            |       |     1 |       ||     1
  Eat: Chunk             |     1 |     6 |     1 ||     8
Armor: Scale mail        |    13 |       |       ||    13
       Chain mail        |    36 |    42 |       ||    78
       Plate armour      |       |    58 |    20 ||    78
Dodge: Dodged            |    25 |    49 |     6 ||    80
Block: Shield            |    42 |   106 |    34 ||   182

Table legend:
 A = Non-vault XP
 B = Vault XP
 C = Vault XP percentage of total XP
 D = Non-vault monster count
 E = Vault monster count
 F = Vault count percentage of total count
                 A         B        C        D         E       F
            +---------+---------+-------+---------+---------+-------
      Total |     946 |     388 |  29.1 |      91 |       7 |   7.1
            +---------+---------+-------+---------+---------+-------
        D:1 |      84 |       0 |   0.0 |      29 |       0 |   0.0
        D:2 |      61 |       8 |  11.6 |      20 |       5 |  20.0
        D:3 |      52 |     286 |  84.6 |      13 |       1 |   7.1
        D:4 |       3 |       0 |   0.0 |       2 |       0 |   0.0
        D:5 |     746 |      94 |  11.2 |      27 |       1 |   3.6
            +---------+---------+-------+---------+---------+-------
